 Dungeon Crawl Stone Soup version 0.27.1-35-g4d5d836560 (webtiles) character file.

Game seed: 14130799921186633612

267 BeavisTheGrey the Ruffian (level 6, -1/59 HPs)
             Began as a Troll Monk on Feb 23, 2022.
             Was a Believer of Yredelemnul.
             Shot with an arrow by a centaur (7 damage)
             ... on level 4 of the Dungeon.
             The game lasted 00:12:24 (2655 turns).

BeavisTheGrey the Ruffian (Troll Monk)              Turns: 2655, Time: 00:12:25

Health: -1/59      AC:  4    Str: 22    XL:     6   Next: 0%
Magic:  5/5        EV: 10    Int:  6    God:    Yredelemnul [**....]
Gold:   128        SH:  0    Dex: 12    Spells: 5/5 levels left

rFire    . . .     SeeInvis .   n - +5 dagger (drain)
rCold    . . .     Faith    .   (no shield)
rNeg     . . .     Spirit   .   a - +0 robe
rPois    .         Reflect  .   (helmet restricted)
rElec    .         Harm     .   (no cloak)
rCorr    .         Rampage  .   (gloves unavailable)
Will     .....                  (boots unavailable)
Stlth    ++........             (no amulet)
HPRegen  1.19/turn              (no ring)
MPRegen  0.09/turn              (no ring)

@: about to teleport
A: large, unfitting armour, claws 3, regeneration 1, shaggy fur 1, tough skin 1
a: Renounce Religion, Animate Remains, Recall Undead Slaves, Injury Mirror


You were on level 4 of the Dungeon.
You worshipped Yredelemnul.
Yredelemnul was pleased with you.
You visited 1 branch of the dungeon, and saw 4 of its levels.

You collected 128 gold pieces.

Inventory:

Hand Weapons
 n - a +5 dagger of draining (weapon)
Armour
 a - a +0 robe (worn)
Wands
 m - a wand of flame (7)
Scrolls
 b - a scroll of magic mapping
 c - a scroll of vulnerability {unknown}
 e - 2 scrolls of teleportation
 i - a scroll of noise {unknown}
 k - a scroll of brand weapon {unknown}
 o - a scroll of fog {unknown}
 p - a scroll of identify {unknown}
 q - a scroll of enchant armour {unknown}
 r - a scroll of holy word {unknown}
Potions
 d - a potion of curing {unknown}
 f - a potion of heal wounds {unknown}
 g - a potion of degeneration {unknown}
 j - 2 potions of haste {unknown}
 l - a potion of mutation {unknown}


   Skills:
 + Level 2.7 Fighting
 + Level 1.1 Short Blades
 + Level 3.6 Dodging
 + Level 1.4 Stealth
 + Level 4.9 Unarmed Combat


You had 5 spell levels left.
You didn't know any spells.
Your spell library contained the following spells:

 Spells                   Type           Power      Damage    Failure   Level
 Stone Arrow              Conj/Erth      0%         3d7       83%         3
 Bolt of Magma            Conj/Fire/Erth 0%         4d4       100%        5
 Summon Forest            Summ/Tloc      0%         N/A       100%        5
 Eringya's Noxious Bog    Tmut/Pois      0%         N/A       100%        6
 Summon Hydra             Summ           0%         N/A       100%        7
 Shatter                  Erth           0%         3d5*      100%        9


Dungeon Overview and Level Annotations

Branches:
Dungeon (4/15)
 Temple: D:4-7

Altars:
Yredelemnul

Annotations:
D:4 Grinder


Innate Abilities, Weirdness & Mutations

You are too large for most types of armour.
You have claws for hands.
Your natural rate of healing is unusually fast.
You are covered in fur. (AC +1)
You have tough skin. (AC +1)


Message History

You destroy the phantom!
Yredelemnul accepts your kill.
The kobold shouts!
Your Short Blades skill increases to level 1!
You have reached level 6!
Your experience leads to an increase in your attributes!
Increase (S)trength, (I)ntelligence, or (D)exterity?
You feel stronger. x2
The kobold throws a stone.
The stone barely misses you.
The kobold throws a stone.
The stone barely misses you.
The kobold throws a stone.
The stone closely misses you.
You swap places.
The kobold hits you but does no damage.
You hit the kobold.
You kill the kobold!
Yredelemnul accepts your kill.
You swap places.
Things that are here:
a +0 short sword; 2 stones The centaur shouts!
A centaur comes into view.
The centaur wields a +0 shortbow.
The centaur shoots an arrow.
The arrow hits you!
The centaur shouts!
You hear a shout!
The centaur shoots an arrow.
The arrow hits you!
Grinder comes into view.
She is carrying a wand of digging (4).
The centaur shoots an arrow.
The arrow hits you!
The centaur wields a +0 shortbow.
The centaur shoots an arrow.
The arrow barely misses you.
The centaur shoots an arrow.
The arrow hits you!
As you read the scroll of teleportation, it crumbles to dust.
You feel strangely unstable.
The centaur shoots an arrow.
The arrow hits you! Grinder gestures at you. Pain shoots through your body!
* * * LOW HITPOINT WARNING * * *
The centaur shoots an arrow.
The arrow hits you!
* * * LOW HITPOINT WARNING * * *
The centaur shoots an arrow.
The arrow hits you!
You die...
Your body rises from the dead as a mindless zombie.

#.... . #..J.. ...
#..... .... ...5. .....
.##...###+#.....
..##.........#
...#c...@....# .....
#c..........# <....
#.#.........# .....
##.........# .....
.##..........# ....
.............# ..
#..............# ...
........Z.....#
###.......##.##.#######


You could see Grinder, 2 centaurs and a friendly worm zombie.

Vanquished Creatures
  An ogre (D:4)
  A phantom (D:4)
  Ijyb (D:3)
  A hound skeleton (D:4)
  2 adders
  A worm (D:4)
  A dart slug (D:1)
  5 endoplasms
  A giant cockroach (D:4)
  5 goblins
  A hobgoblin (D:1)
  7 jackals
  A quokka (D:3)
  3 ball pythons
  4 bats
  A frilled lizard (D:2)
  5 kobolds
  7 rats
48 creatures vanquished.

Notes
Turn   | Place    | Note
-------+----------+-------------------------------------------
     0 | D:1      | BeavisTheGrey the Troll Monk began the quest for the Orb.
     0 | D:1      | Reached XP level 1. HP: 22/22 MP: 0/0
   319 | D:1      | Reached XP level 2. HP: 29/29 MP: 1/1
  1232 | D:2      | Reached XP level 3. HP: 36/36 MP: 2/2
  1453 | D:3      | Noticed Ijyb
  1470 | D:3      | Killed Ijyb
  1471 | D:3      | Reached skill level 4 in Unarmed Combat
  1471 | D:3      | Reached XP level 4. HP: 19/39 MP: 3/3
  1844 | D:3      | Found a faded altar of an unknown god.
  2413 | D:4      | Noticed an ogre
  2425 | D:4      | Killed an ogre
  2426 | D:4      | Reached XP level 5. HP: 34/50 MP: 4/4
  2552 | D:4      | Found a basalt altar of Yredelemnul.
  2557 | D:4      | Became a worshipper of Yredelemnul the Dark
  2557 | D:4      | Reached * piety under Yredelemnul
  2557 | D:4      | Reached ** piety under Yredelemnul
  2608 | D:4      | Noticed a phantom
  2622 | D:4      | Noticed a centaur
  2623 | D:4      | Killed a phantom
  2624 | D:4      | Reached skill level 1 in Short Blades
  2624 | D:4      | Reached XP level 6. HP: 38/59 MP: 5/5
  2652 | D:4      | Noticed Grinder
  2655 | D:4      | Shot with an arrow by a centaur

Illustrated notes

Levels and vault maps discovered:
D:1:      lemuel_arrival_lava_pool, layout_loops_ring
D:2:      layout_rooms
D:3:      layout_rooms, hellmonk_ecumenical_altar_prayer_group, uniq_ijyb
D:4:      layout_gridville, kennysheep_little_box,
          hangedman_decor_clover_reticule, corexii_item_surrounded_by_moat,
          minmay_manual_mares, uniq_grinder

Skill      XL: |  1  2  3  4  5 |
---------------+----------------+-----
Dodging        | 3 |  3.6
Unarmed Combat | 4 |  4.9
Short Blades   | 1 |  1.1
Fighting       | |  2.7
Stealth        | |  1.4

Action                   |  1- 3 |  4- 6 || total
-------------------------+-------+-------++-------
Melee: Unarmed           |    74 |       ||    74
       Dagger            |       |    56 ||    56
       Punch             |       |     2 ||     2
Invok: Animate Remains   |       |     1 ||     1
  Use: Scroll            |       |     6 ||     6
 Stab: Sleeping          |     2 |       ||     2
Armor: Robe              |    28 |    15 ||    43
Dodge: Dodged            |    33 |    31 ||    64
